 Dungeon Sprint DCSS version 0.28.0-62-gf88900778d (webtiles) character file.

Game seed: 5208041340646425724

3443 cbfl8 the Severer (level 9, -1/97 HPs)
             Began as a Minotaur Berserker on Jan 12, 2024.
             Was an Elder of Trog.
             Slain by a demonic crawler (10 damage)
             ... in the Dungeon (Sprint I: "Red Sonja").
             The game lasted 00:03:18 (1824 turns).

cbfl8 the Severer (Minotaur Berserker)              Turns: 1824, Time: 00:03:18

Health: -1/97      AC:  5    Str: 24    XL:     9   Next: 77%
Magic:  8/8        EV: 12    Int:  4    God:    Trog [****..]
Gold:   744        SH:  0    Dex: 12    Spells: 8/8 levels left

rFire   . . .      SeeInvis .   a - +0 hand axe
rCold   . . .      Faith    .   (no shield)
rNeg    . . .      Spirit   .   j - +0 troll leather armour
rPois   .          Reflect  .   (helmet restricted)
rElec   .          Harm     .   (no cloak)
rCorr   .          Rampage  .   (no gloves)
Will    .....      NoTele   +   (no boots)
Stlth   +.........              (no amulet)
HPRegen 1.06/turn               (no ring)
MPRegen 0.11/turn               (no ring)

@: on berserk cooldown, slowed, very slow
A: horns 2, retaliatory headbutt
a: Renounce Religion, Berserk, Trog's Hand, Brothers in Arms


You were in the Dungeon.
You worshipped Trog.
Trog was greatly pleased with you.
You visited 1 branch You collected 819 gold pieces.
You spent 75 gold pieces at shops.

Inventory:

Hand Weapons
 a - a +0 hand axe (weapon)
Armour
 j - a +0 troll leather armour (worn)
Wands
 b - a wand of flame (10)
 g - a wand of paralysis (6) (quivered)
 k - a wand of acid (4)
Scrolls
 h - a scroll of blinking
 i - a scroll of magic mapping
Potions
 c - 4 potions of curing
 d - a potion of heal wounds
 e - 2 potions of haste
 f - 2 potions of magic


   Skills:
 + Level 15.4 Fighting
 + Level 16.4 Axes
 + Level 9.8 Armour
 - Level 3.0 Dodging
 * Level 9.7 Evocations


You had 8 spell levels left.
You didn't know any spells.
Your spell library was empty.

Dungeon Overview and Level Annotations

Branches:
Dungeon (1/1)

Altars:
Cheibriados
Dithmenos
Elyvilon
Fedhas
Gozag
Hepliaklqana
Kikubaaqudgha
Makhleb
Nemelex Xobeh
Okawaru
Qazlal
Ru
Sif Muna
Trog
Uskayaw
Vehumet
Wu Jian
Xom
Yredelemnul
Zin
The Shining One
Jiyva
Lugonu

Shops:
D (*


Innate Abilities, Weirdness & Mutations

You have a pair of horns on your head.
You reflexively headbutt those who attack you in melee.


Message History

You feel a strong urge to attack something.
You start resting.
You start resting.
HP restored.
You start waiting.
You feel your anger nearly subside.
You are no longer berserk.
You are exhausted.
You feel yourself slow down.
Things that are here:
a +0 dagger; a +0 robe; a kobold corpse
Things that are here:
a +0 dagger; a +0 robe; a kobold corpse Welcome back, cbfl8 the Minotaur Berserker.
Trog says: Kill them all!
Press ? for a list of commands and other information.
Things that are here:
a +0 robe; a +0 dagger; a kobold corpse You open the door. 4 demonic crawlers come into view.
The demonic crawler gives a hideous shriek! x4
The demonic crawler shrieks in warning!
You're still recovering from your berserk rage.
Okay, then.
The demonic crawler shrieks in warning! x2
The demonic crawler hits you. The demonic crawler hits you!
The demonic crawler hits you.
Things that are here:
a +0 robe; a +0 dagger; a kobold corpse The demonic crawler shrieks in warning!
The demonic crawler hits you! x3
The demonic crawler hits you! The demonic crawler closely misses you.
The demonic crawler hits you. The demonic crawler hits you!
* * * LOW HITPOINT WARNING * * *
The demonic crawler hits you.
* * * LOW HITPOINT WARNING * * *
The demonic crawler hits you!
* * * LOW HITPOINT WARNING * * *
The demonic crawler hits you.
* * * LOW HITPOINT WARNING * * *
The demonic crawler hits you!
You die...

#####################************
.').#..'..#__#..@ss.#,,*,,,,+,,,,
.#..'.)#..'..'..#s[.##+#,****,,,,
###'#####'#__####..s'..#,*,***,,,
##..#...#(####§§#####..+,*+*,***+
_####..##.#§§§§§#,,**+##**,,,*,*,
____##'#_§§§≈≈§§+,,*,,,,,*,,,***,
.∩...'..._#≈§§§.#,,*,,,,,+,,,,,**
..__##_.#'##'####*+***,,,*,,,,,*,
____###'#.#.§[.#**,+,*,,,***++**,


You could see 4 demonic crawlers.

Vanquished Creatures
  2 centaur warriors (D)
  Sonja (D)
  A deep troll (D)
  2 kobold demonologists (D)
  A slime creature (D)
  A yak (D)
  Sigmund (D)
  A floating eye (D)
  An ogre (D)
  A jelly (D)
  Ijyb (D)
  A ballistomycete spore (D)
14 creatures vanquished.

Vanquished Creatures (others)
  A ballistomycete spore (D)
1 creature vanquished.

Grand Total: 15 creatures vanquished

Notes
Turn   | Place    | Note
-------+----------+-------------------------------------------
     0 | D        | cbfl8 the Minotaur Berserker began the quest for the Orb.
     0 | D        | Reached XP level 1. HP: 19/19 MP: 0/0
     4 | D        | Noticed Ijyb
     9 | D        | Killed Ijyb
    10 | D        | Reached skill level 5 in Fighting
    10 | D        | Reached skill level 5 in Axes
    10 | D        | Reached XP level 2. HP: 29/29 MP: 1/1
    77 | D        | Noticed an ogre
    81 | D        | Killed an ogre
    82 | D        | Reached skill level 7 in Axes
    82 | D        | Reached XP level 3. HP: 34/39 MP: 2/2
    82 | D        | Reached XP level 4. HP: 41/47 MP: 3/3
   208 | D        | Noticed Sigmund
   213 | D        | Killed Sigmund
   213 | D        | Reached ** piety under Trog
   214 | D        | Reached skill level 9 in Axes
   214 | D        | Reached skill level 5 in Armour
   214 | D        | Reached XP level 5. HP: 46/57 MP: 4/4
   384 | D        | Found an ornate altar of the Wu Jian Council.
   384 | D        | Found a shimmering blue altar of Sif Muna.
   386 | D        | Found a radiant altar of Vehumet.
   393 | D        | Reached XP level 6. HP: 46/66 MP: 5/5
   610 | D        | Found Wour's General Store.
   610 | D        | Found an ancient bone altar of Kikubaaqudgha.
   610 | D        | Found a hazy altar of Hepliaklqana.
   610 | D        | Found a stormy altar of Qazlal.
   610 | D        | Found a hide-covered altar of Uskayaw.
   610 | D        | Found a blossoming altar of Fedhas.
   610 | D        | Found a bloodstained altar of Trog.
   610 | D        | Found an iron altar of Okawaru.
   610 | D        | Found a basalt altar of Yredelemnul.
   610 | D        | Found a glowing golden altar of the Shining One.
   610 | D        | Found a snail-covered altar of Cheibriados.
   610 | D        | Found a sacrificial altar of Ru.
   610 | D        | Found a glowing silver altar of Zin.
   610 | D        | Found a shadowy altar of Dithmenos.
   610 | D        | Found a white marble altar of Elyvilon.
   610 | D        | Noticed a yak
   617 | D        | Killed a yak
   618 | D        | Reached skill level 10 in Fighting
   618 | D        | Reached skill level 10 in Axes
   618 | D        | Reached skill level 5 in Evocations
   618 | D        | Found an opulent altar of Gozag.
   663 | D        | Found a sparkling altar of Nemelex Xobeh.
   667 | D        | Bought a scroll of magic mapping for 35 gold pieces
   667 | D        | Bought a +0 ring mail for 40 gold pieces
   718 | D        | Noticed Sonja
   721 | D        | Killed Sonja
   721 | D        | Reached *** piety under Trog
   722 | D        | Reached skill level 13 in Axes
   722 | D        | Reached XP level 7. HP: 45/78 MP: 6/6
   983 | D        | Found Niab Qef's Weapon Boutique.
  1149 | D        | Noticed a deep troll
  1157 | D        | Killed a deep troll
  1158 | D        | Reached skill level 14 in Axes
  1158 | D        | Reached XP level 8. HP: 56/86 MP: 7/7
  1380 | D        | Noticed a centaur warrior
  1380 | D        | Noticed a centaur warrior
  1393 | D        | Killed a centaur warrior
  1394 | D        | Reached XP level 9. HP: 72/95 MP: 8/8
  1397 | D        | Killed a centaur warrior
  1398 | D        | Reached skill level 15 in Axes
  1626 | D        | Identified the +4 dagger of Tadu {freeze, Stlth+}
  1640 | D        | Found a burning altar of Makhleb.
  1640 | D        | Found a viscous altar of Jiyva.
  1640 | D        | Found a shimmering altar of Xom.
  1640 | D        | Found a corrupted altar of Lugonu.
  1652 | D        | Reached skill level 15 in Fighting
  1792 | D        | Noticed a kobold demonologist
  1793 | D        | Noticed a kobold demonologist
  1797 | D        | Killed a kobold demonologist
  1797 | D        | Reached **** piety under Trog
  1798 | D        | Reached skill level 16 in Axes
  1810 | D        | Killed a kobold demonologist
  1821 | D        | Noticed a demonic crawler
  1821 | D        | Noticed a demonic crawler
  1821 | D        | Noticed a demonic crawler
  1821 | D        | Noticed a demonic crawler
  1824 | D        | Slain by a demonic crawler

Illustrated notes

Levels and vault maps discovered:
D:        dungeon_sprint_1 [red_sonja_temple_1, red_sonja_temple_small_1]

Skill      XL: |  1  2  3  4  5  6  7  8  9 |
---------------+----------------------------+-----
Fighting       | 5 7 9 12 13 14 15 | 15.4
Axes           | 5 7 9 13 14 16 | 16.4
Armour         | 3 4 5 7 8 9 |  9.8
Dodging        | 3 |  3.0
Evocations     | 2 4 6 7 8 9 |  9.7

Action                   |  1- 3 |  4- 6 |  7- 9 || total
-------------------------+-------+-------+-------++-------
Melee: Hand axe          |     6 |    15 |    43 ||    64
       Headbutt          |     1 |     2 |    12 ||    15
       Punch             |       |       |     1 ||     1
Invok: Berserk           |     1 |     1 |     3 ||     5
Evoke: Wand              |       |     1 |     2 ||     3
  Use: Potion            |     1 |       |       ||     1
       Scroll            |       |     1 |       ||     1
 Stab: Paralysed         |       |     2 |     3 ||     5
Armor: Ring mail         |       |       |     2 ||     2
       Troll leather arm |       |       |     7 ||     7
Dodge: Dodged            |     4 |     7 |    15 ||    26
